AoeStats
← Nils

MegaRandom

509644786Analyzed
2v2 RM · 6d ago on Sep 27, 2026· 27m 58s· 4 players
Game mode
Random Map
Map size
Medium (4 player)
Population
200
Speed
Normal
Resources
Standard
Victory
Conquest
Starting age
Dark Age
Ending age
Imperial Age
RankedLock teamsTeams togetherTeam positionsShared explorationLock speedFull tech treeHidden civsTurbo modeCheats
Victory
Defeat
🇩🇪 Vikings · Germany
1050
+10
🇩🇪 Britons · Germany
710
+23
🇩🇪 Persians · Germany
907
-17
🇨🇿 Teutons · Czechia
882
-16
Mavto
11:32 Feudal Age
12:48 Loom
15:25 Castle Age
14:10 Double-Bit Axe
14:07 Horse Collar
15:35 Scale Barding Armor
20:34 Bow Saw
21:10 Town Watch
26:24 Squires
26:10 Arson
Nils
13:37 Feudal Age
14:03 Horse Collar
14:16 Gold Mining
14:19 Stone Mining
27:22 Castle Age
27:29 Pikeman
Beltscharzar
5:23 Loom
11:51 Feudal Age
16:08 Castle Age
15:10 Double-Bit Axe
17:57 Horse Collar
21:43 Wheelbarrow
22:58 Bow Saw
22:39 Pikeman
23:00 Light Cavalry
23:17 Light Cavalry
Durza007
5:16 Loom
5:31 Loom
11:45 Feudal Age
12:25 Double-Bit Axe
22:07 Castle Age
22:30 Fletching
22:41 Padded Archer Armor
22:28 Pikeman
23:24 Crossbowman
25:48 Bodkin Arrow
Connection lost

Rejoining the realm…

Still unreachable

The connection could not be restored.

Session expired

The server has moved on; the page needs a fresh start.